 Dungeon Crawl Stone Soup version 0.29.1-15-g9cfb28693d (webtiles) character file.

Game seed: 15669037732489739269

92 leafyfresh the Sneak (level 4, -2/33 HPs)
             Began as an Octopode Delver on Mar 4, 2023.
             Slain by an orc
             ... wielding a +0 dagger
              (3 damage)
             ... on level 4 of the Dungeon.
             The game lasted 00:00:40 (155 turns).

leafyfresh the Sneak (Octopode Delver)               Turns: 155, Time: 00:00:41

Health: -2/33      AC:  1    Str: 11    XL:     4   Next: 60%
Magic:  4/4        EV: 14    Int: 14    God:
Gold:   25         SH:  0    Dex: 13    Spells: 3/3 levels left

rFire   . . .      SeeInvis .   a - +0 short sword
rCold   . . .      Faith    .   (no shield)
rNeg    . . .      Spirit   .   (helmet restricted)
rPois   .          Reflect  .   (no amulet)
rElec   .          Harm     .   (no ring)
rCorr   .          Rampage  .   (no ring)
Will    .....                   (no ring)
Stlth   +++++.....              (no ring)
HPRegen 0.11/turn               (no ring)
MPRegen 0.09/turn               (no ring)
                                (no ring)
                                (no ring)

@: no status effects
A: almost no armour, amphibious, 8 rings, camouflage 1, gelatinous body 1,
(nimble swimmer 1), tentacles
a: no special abilities


You were on level 4 of the Dungeon.
You visited 1 branch of the dungeon, and saw 2 of its levels.

You collected 25 gold pieces.

Inventory:

Hand Weapons
 a - a +0 short sword (weapon)
Wands
 f - a wand of digging (3)
Scrolls
 b - a scroll of fog
 c - a scroll of magic mapping
 d - a scroll of fear
Potions
 e - a potion of haste


   Skills:
 + Level 3.8 Fighting
 - Level 2.0 Short Blades
 + Level 3.1 Dodging
 + Level 7.5 Stealth


You had 3 spell levels left.
You didn't know any spells.
Your spell library was empty.

Dungeon Overview and Level Annotations

Branches:
Dungeon (5/15)
 Temple: D:4-7

Altars:
Okawaru


Innate Abilities, Weirdness & Mutations

You cannot wear most types of armour.
You are amphibious.
You can wear up to eight rings at the same time.
Your skin changes colour to match your surroundings (Stealth+).
Your rubbery body absorbs attacks. (AC +1, EV +1)
((You are camouflaged when in or above water. (Stealth+)))
You have tentacles for arms and can constrict up to eight enemies at once.


Message History

You kill the orc!
Things that are here:
a +0 flail; a +0 leather armour; an orc corpse The orc shouts!
The orc closely misses you. The orc hits you with a +0 trident!
* * * LOW HITPOINT WARNING * * *
The orc shouts!
The orc barely misses you. The orc closely misses you.
You hit the orc but do no damage. You grab the orc.
You squeeze the orc, but do no damage. You constrict the orc.
The orc hits you but does no damage. The orc hits you with a +0 dagger.
* * * LOW HITPOINT WARNING * * *
You hit the orc but do no damage.
The orc is lightly wounded.
You constrict the orc. The orc closely misses you. x2
You hit the orc but do no damage.
The orc is moderately wounded.
You constrict the orc. The orc barely misses you. x2
You hit the orc but do no damage.
The orc is moderately wounded.
You constrict the orc, but do no damage.
The orc hits you with a +0 dagger.
* * * LOW HITPOINT WARNING * * *
The orc hits you with a +0 trident.
* * * LOW HITPOINT WARNING * * *
You hit the orc.
The orc is almost dead.
You constrict the orc.
You kill the orc!
The orc hits you with a +0 dagger.
* * * LOW HITPOINT WARNING * * *
The orc barely misses you.
Things that are here:
a +0 trident; a +0 scale mail; an orc corpse The orc misses you.
You hit the orc. Your grab misses the orc. Your squeeze misses the orc.
The orc is heavily wounded.
The orc hits you with a +0 dagger.
You die...

## #..# ..# #..#
.......###...
............#
...........#
#.........#
#>.......## .
#......@.###... #
#..)...)o.....# #.
#..).........##
#.#######............#
.....#!.....#####....#
#.....#....### ##...
##.##..#...## ...
#...#..#...# ..
.._........#


You could see an orc.

Vanquished Creatures
  A scorpion (D:4)
  A hound (D:4)
  3 orcs (D:4)
  An endoplasm (D:4)
  A giant cockroach (D:4)
  A kobold (D:4)
8 creatures vanquished.

Notes
Turn   | Place    | Note
-------+----------+-------------------------------------------
     0 | D:5      | leafyfresh the Octopode Delver began the quest for the Orb.
     0 | D:5      | Reached XP level 1. HP: 16/16 MP: 1/1
     8 | D:5      | Noticed an orc wizard
     9 | D:5      | Noticed an orc wizard
    57 | D:4      | Noticed a hound
    64 | D:4      | Killed a hound
    65 | D:4      | Reached skill level 7 in Stealth
    65 | D:4      | Reached XP level 2. HP: 21/21 MP: 2/2
    65 | D:4      | Reached XP level 3. HP: 26/26 MP: 3/3
   116 | D:4      | Found an iron altar of Okawaru.
   126 | D:4      | Noticed a scorpion
   132 | D:4      | Killed a scorpion
   133 | D:4      | Reached XP level 4. HP: 33/33 MP: 4/4
   152 | D:4      | HP: 1/33 [orc/+0 dagger (2)]
   155 | D:4      | Slain by an orc

Illustrated notes

Levels and vault maps discovered:
D:4:      cheibrodos_fertilizer, layout_layer_cave,
          mainiacjoe_overflow_small_starburst, nicolae_overflow_crystal_walls,
          temple_fountains, kennysheep_generic_room_6
D:5:      layout_gridville, hangedman_ru_absence, minmay_misc_feat_x,
          uniq_menkaure

Skill      XL: |  1  2  3 |
---------------+----------+-----
Stealth        | 7 |  7.5
Dodging        | 3 |  3.1
Fighting       | |  3.8
Short Blades   | |  2.0

Action                   |  1- 3 |  4- 6 || total
-------------------------+-------+-------++-------
Melee: Short sword       |     6 |    13 ||    19
       Constrict         |     1 |     3 ||     4
       Tentacles         |     1 |     2 ||     3
 Stab: Sleeping          |     5 |       ||     5
Armor: Skin              |       |     1 ||     1
Dodge: Dodged            |     2 |    14 ||    16
